 Dungeon Crawl Stone Soup version 0.29.1-13-g9f3cf754e1 (webtiles) character file.

Game seed: 1251914187215300338

1160 Exodus22XD the Chopper (level 8, -4/70 HPs)
             Began as a Minotaur Fighter on Feb 5, 2023.
             Was an Elder of Lugonu.
             Slain by a gnoll sergeant
             ... wielding a +2 trident of venom
              (12 damage)
             ... on level 6 of the Dungeon.
             The game lasted 00:05:54 (5410 turns).

Exodus22XD the Chopper (Minotaur Fighter)           Turns: 5410, Time: 00:05:55

Health: -4/70      AC:  7    Str: 23    XL:     8   Next: 16%
Magic:  9/9        EV:  9    Int:  5    God:    Lugonu [****..]
Gold:   284        SH:  5    Dex: 10    Spells: 7/7 levels left

rFire   + . .      SeeInvis .   a - +0 war axe
rCold   . . .      Faith    .   c - +0 buckler
rNeg    . . .      Spirit   .   b - +0 scale mail
rPois   .          Reflect  .   (helmet restricted)
rElec   .          Harm     .   (no cloak)
rCorr   +          Rampage  .   (no gloves)
Will    .....                   (no boots)
Stlth   ..........              (no amulet)
HPRegen 0.21/turn               n - ring of resist corrosion
MPRegen 0.11/turn               q - ring of protection from fire

@: no status effects
A: horns 2, retaliatory headbutt
a: Renounce Religion, Depart the Abyss, Bend Space, Banish, Corrupt


You were on level 6 of the Dungeon.
You worshipped Lugonu.
Lugonu was greatly pleased with you.
You visited 1 branch of the dungeon, and saw 6 of its levels.
You also visited: Sewer.

You collected 284 gold pieces.

Inventory:

Hand Weapons
 a - a +0 war axe (weapon)
 u - a +0 morningstar of holy wrath
Missiles
 A - 2 javelins (quivered)
Armour
 b - a +0 scale mail (worn)
 c - a +0 buckler (worn)
Jewellery
 n - a ring of resist corrosion (left hand)
 q - a ring of protection from fire (right hand)
 y - a +6 ring of dexterity
Wands
 C - a wand of polymorph (6)
Scrolls
 e - 3 scrolls of teleportation {unknown}
 f - 2 scrolls of immolation
 g - 2 scrolls of blinking {unknown}
 m - 3 scrolls of magic mapping {unknown}
 o - 2 scrolls of noise {unknown}
 p - 2 scrolls of identify {unknown}
 r - 4 scrolls of fear {unknown}
 v - 2 scrolls of enchant weapon {unknown}
 B - a scroll of brand weapon {unknown}
Potions
 d - a potion of might
 h - 4 potions of curing
 i - a potion of heal wounds {unknown}
 j - a potion of flight {unknown}
 k - 2 potions of cancellation {unknown}
 l - a potion of ambrosia {unknown}
 s - 3 potions of haste {unknown}
 t - 3 potions of brilliance {unknown}
 w - a potion of lignification {unknown}
 x - a potion of mutation {unknown}
 z - a potion of attraction {unknown}


   Skills:
 + Level 6.0 Fighting
 + Level 7.4 Axes
 + Level 5.9 Armour
 + Level 5.2 Shields
 * Level 3.9 Invocations


You had 7 spell levels left.
You didn't know any spells.
Your spell library was empty.

Dungeon Overview and Level Annotations

Branches:
Dungeon (6/15)             Temple (0/1) D:4           Sewer (visited)

Altars:
Elyvilon
Hepliaklqana
Sif Muna
Xom
Yredelemnul
Lugonu

Shops:
D:2 =   D:4 [

Annotations:
D:3 3 runed translucent doors, Exodus22XD's ghost, amateur MiFi
D:6 Blork the orc


Innate Abilities, Weirdness & Mutations

You have a pair of horns on your head.
You reflexively headbutt those who attack you in melee.


Message History

You headbutt the gnoll sergeant, but do no damage.
Blork the orc barely misses you. You furiously retaliate!
You headbutt Blork the orc. You closely miss Blork the orc.
Your headbutt misses Blork the orc.
Blork the orc is moderately wounded.
You slash the gnoll sergeant!
The gnoll sergeant hits you but does no damage.
You are poisoned.
Blork the orc hits you but does no damage.
You barely miss Blork the orc.
Blork the orc is moderately wounded.
You barely miss the gnoll sergeant.
You feel very sick. You block Blork the orc's attack.
The gnoll sergeant hits you with a +2 trident of venom.
* * * LOW HITPOINT WARNING * * *
You are lethally poisoned!
You block Blork the orc's attack.
The gnoll sergeant hits you with a +2 trident of venom.
* * * LOW HITPOINT WARNING * * *
You are more poisoned.
You feel better.
The gnoll sergeant hits you with a +2 trident of venom.
* * * LOW HITPOINT WARNING * * *
You are poisoned.
Blork the orc points at you and mumbles some strange words.
The puff of flame hits you but does no damage.
You resist.
You slash Blork the orc!
Blork the orc is severely wounded.
The gnoll sergeant blocks your attack.
* * * LOW HITPOINT WARNING * * *
You feel very sick.
The gnoll sergeant hits you with a +2 trident of venom!
* * * LOW HITPOINT WARNING * * *
You are more poisoned.
Blork the orc hits you but does no damage.
You feel better.
The gnoll sergeant hits you with a +2 trident of venom!
You die...

.. #. ##..### ###
....... ##...
....#. .#.#
.....#..( #.#)g.#
#.#@# # #. #####
#o.##.# #..#....##
##....#
##..#...#.###..##.#
......<....#...# #
#..........#####.#
#................#
#. #........######
#..#....###.#


You could see Blork the orc and a gnoll sergeant.

Vanquished Creatures
  A bullfrog (D:6)
  3 necrophages (D:5)
  A scorpion (D:5)
  A water moccasin zombie (D:5)
  A wight (D:5)
  A howler monkey (D:5)
  2 hounds (D:5)
  A human zombie (D:5)
  An orc priest (D:3)
  A gnoll bouda (D:5)
  Jessica (D:2)
  Terence (D:3)
  3 iguanas
  2 hound zombies (D:5)
  4 mummies (D:5)
  12 gnolls
  9 adders
  An ufetubus (D:5)
  3 worms
  4 dart slugs
  16 orcs
  11 ball pythons
  5 bats
  11 endoplasms
  7 giant cockroaches
  6 goblins
  4 hobgoblins
  12 jackals
  5 kobolds
  5 quokkas
  4 frilled lizards
  17 rats
156 creatures vanquished.

Notes
Turn   | Place    | Note
-------+----------+-------------------------------------------
     0 | D:1      | Exodus22XD the Minotaur Fighter began the quest for the
                  | Orb.
     0 | D:1      | Reached XP level 1. HP: 19/19 MP: 0/0
    37 | D:1      | Found a faded altar of an unknown god.
    45 | D:1      | Prayed at the altar of an unknown god.
    45 | D:1      | Became a worshipper of Lugonu the Unformed
    45 | D:1      | Reached * piety under Lugonu
    45 | D:1      | Reached ** piety under Lugonu
   210 | D:1      | Reached XP level 2. HP: 27/27 MP: 1/1
   737 | D:2      | Noticed Jessica
   746 | D:2      | HP: 1/27 [Jessica/+7 club (5)]
   747 | D:2      | Killed Jessica
   748 | D:2      | Reached skill level 3 in Axes
   748 | D:2      | Reached skill level 1 in Invocations
   748 | D:2      | Reached XP level 3. HP: 2/33 MP: 2/2
  1321 | D:2      | Found Guqiot's Jewellery Shoppe.
  1566 | D:2      | Reached XP level 4. HP: 38/40 MP: 3/3
  1869 | D:3      | Reached *** piety under Lugonu
  1878 | D:3      | Reached XP level 5. HP: 35/47 MP: 5/5
  2042 | D:3      | Found a runed translucent gate.
  2042 | D:3      | Found a runed translucent gate.
  2042 | D:3      | Found a runed translucent gate.
  2345 | D:3      | Reached skill level 4 in Axes
  2352 | D:3      | Noticed Terence
  2360 | D:3      | HP: 2/47 [Terence/+0 morningstar of holy wrath (7)]
  2365 | D:3      | Killed Terence
  2661 | D:3      | Found a shimmering altar of Xom.
  2661 | D:3      | Found a shimmering blue altar of Sif Muna.
  2661 | D:3      | Found a hazy altar of Hepliaklqana.
  2666 | D:3      | Found a white marble altar of Elyvilon.
  2835 | D:3      | Noticed Exodus22XD's ghost (amateur MiFi)
  2983 | D:4      | Found Jezicum's Antique Armour Shop.
  3113 | D:4      | Found a staircase to the Ecumenical Temple.
  3176 | D:4      | Reached XP level 6. HP: 37/55 MP: 6/6
  3181 | D:4      | Reached **** piety under Lugonu
  3275 | D:4      | Found a glowing drain.
  3279 | Sewer    | Entered a sewer
  3536 | D:4      | Reached skill level 5 in Axes
  3752 | D:5      | Entered Level 5 of the Dungeon
  3778 | D:5      | Reached skill level 5 in Fighting
  3778 | D:5      | Reached skill level 5 in Armour
  3978 | D:5      | Reached XP level 7. HP: 49/61 MP: 8/8
  4307 | D:5      | HP: 2/61 [gnoll/+0 flail (3)]
  4311 | D:5      | Reached skill level 6 in Axes
  4895 | D:5      | Reached skill level 5 in Shields
  4900 | D:5      | Found a basalt altar of Yredelemnul.
  5140 | D:5      | Reached skill level 7 in Axes
  5140 | D:5      | Reached XP level 8. HP: 62/70 MP: 9/9
  5394 | D:6      | Noticed Blork the orc
  5409 | D:6      | HP: 3/70 [gnoll sergeant/+2 trident of venom (11)]
  5410 | D:6      | Slain by a gnoll sergeant

Illustrated notes

Levels and vault maps discovered:
D:1:      psy_arrival_spokes, layout_basic, ebering_ecumenical_altar_ruins
D:2:      minmay_diamond_boxcup, layout_basic, serial_shops,
          nicolae_shop_statue_plus, grunt_ministairs_6, uniq_jessica
D:3:      layout_basic, grunt_temple_overflow_cloverleaf,
          ebering_ghost_rock_garden, minmay_misc_feat_four_crosses,
          minmay_rat_hole, uniq_terence
D:4:      layout_basic, minmay_temple_entry_crystal_x, gup_sewer_entry_spiral,
          grunt_decor_resistance, kennysheep_small_square
D:5:      layout_basic, lemuel_mausoleum_altar_yredelemnul
D:6:      layout_loops_ring, enter_ossuary_5, kb_lookout_dungeons_type,
          uniq_blork_the_orc

Skill      XL: |  1  2  3  4  5  6  7  8 |
---------------+-------------------------+-----
Armour         | 4 5 |  5.9
Shields        | 4 5 |  5.2
Fighting       | 4 5 6 |  6.0
Axes           | 3 4 5 7 |  7.4
Invocations    | 1 2 3 |  3.9

Action                   |  1- 3 |  4- 6 |  7- 9 || total
-------------------------+-------+-------+-------++-------
Melee: War axe           |    53 |   187 |   103 ||   343
       Headbutt          |     8 |    19 |    22 ||    49
  Use: Potion            |       |     1 |     3 ||     4
       Scroll            |       |     1 |       ||     1
Armor: Scale mail        |    27 |    73 |    41 ||   141
Dodge: Dodged            |    26 |    76 |    48 ||   150
Block: Buckler           |    10 |    48 |    28 ||    86
